SL
WIZARDING AC RAVENCLAWS @ NORTHERN VIRGINIA RETRIEVERS
07/11/2018
 
TOP OF THE 1ST
Wizarding AC Ravenclaws batting - Pitching for Northern Virginia Retrievers : RHP Henry Hall
Pitching: RHP Henry Hall
Batting: RHB Cole Shaffer 0-0: Swinging Strike
0-1: Foul Ball, location: 2F
0-2: Ball
1-2: Strikes out looking
Batting: LHB Stephen Baird 0-0: Ball
1-0: Ground out 5-3 (Groundball, 5)
Batting: LHB William Wise 0-0: Ball
1-0: Swinging Strike
1-1: Ball
2-1: DOUBLE (Popup, 5D)
Batting: LHB Jerry Harris 0-0: Ball
1-0: Called Strike
1-1: Ball
2-1: Swinging Strike
2-2: Foul Ball, location: 2F
2-2: Strikes out swinging
Top of the 1st over - 0 run(s), 1 hit(s), 0 error(s), 1 left on base; Wizarding AC 0 - Northern Virginia 0
BOTTOM OF THE 1ST
Northern Virginia Retrievers batting - Pitching for Wizarding AC Ravenclaws : LHP Joseph Hamilton
Pitching: LHP Joseph Hamilton
Batting: RHB Shi-young Chang 0-0: Ball
1-0: Swinging Strike
1-1: Ball
2-1: SOLO HOME RUN (Flyball, 78XD), Distance : 440 ft
Batting: RHB Enrique Echevarría 0-0: Ball
1-0: Called Strike
1-1: Called Strike
1-2: Ball
2-2: Foul Ball, location: 2F
2-2: Ground out 6-3 (Groundball, 6)
Batting: RHB Ben Ross 0-0: Called Strike
0-1: Foul Ball, location: 2F
0-2: Ball
1-2: Fly out, F4 (Popup, 4MD)
Batting: RHB Manuel Romo 0-0: Called Strike
0-1: Ball
1-1: Swinging Strike
1-2: Strikes out swinging
Bottom of the 1st over - 1 run(s), 1 hit(s), 0 error(s), 0 left on base; Wizarding AC 0 - Northern Virginia 1
TOP OF THE 2ND
Wizarding AC Ravenclaws batting - Pitching for Northern Virginia Retrievers : RHP Henry Hall
Batting: LHB Walter Kirk 0-0: DOUBLE (Line Drive, 9D)
Batting: RHB Pablo León 0-0: Ball
1-0: Fly out, F3 (Line Drive, 3)
Batting: RHB Juan Torres 0-0: Ball
1-0: Ball
2-0: Foul Ball, location: 2F
2-1: Ball
3-1: DOUBLE (Line Drive, 9LS)
Walter Kirk scores
Batting: RHB Pete Davidson 0-0: Ball
1-0: Ground out 5-3 (Groundball, 5S)
Juan Torres to third
Batting: LHB Joseph Hamilton 0-0: Ball
1-0: Called Strike
1-1: Called Strike
1-2: Strikes out swinging
Top of the 2nd over - 1 run(s), 2 hit(s), 0 error(s), 1 left on base; Wizarding AC 1 - Northern Virginia 1
BOTTOM OF THE 2ND
Northern Virginia Retrievers batting - Pitching for Wizarding AC Ravenclaws : LHP Joseph Hamilton
Batting: RHB Christian O'Dell 0-0: Fly out, F4 (Line Drive, 4M)
Batting: LHB Ye Der 0-0: Ball
1-0: Fly out, F7 (Flyball, 7M)
Batting: RHB Donald Stanley 0-0: Foul Ball, location: 2F
0-1: Fly out, F8 (Flyball, 8LS)
Bottom of the 2nd over - 0 run(s), 0 hit(s), 0 error(s), 0 left on base; Wizarding AC 1 - Northern Virginia 1
TOP OF THE 3RD
Wizarding AC Ravenclaws batting - Pitching for Northern Virginia Retrievers : RHP Henry Hall
Batting: RHB Cole Shaffer 0-0: DOUBLE (Flyball, 78D)
Batting: LHB Stephen Baird 0-0: Ball
1-0: Swinging Strike
1-1: Ball
2-1: SINGLE (Flyball, 7S)
Cole Shaffer to third
Runner from 3rd tries for Home, SAFE, throw made home
Batting: LHB William Wise 0-0: Ball
1-0: Ball
2-0: Ball
3-0: Called Strike
3-1: Called Strike
3-2: Fly out, F7 (Flyball, 78M)
Batting: LHB Jerry Harris 0-0: Ball
1-0: Ground out 6-3 (Groundball, 6MS)
Stephen Baird to second
Batting: LHB Walter Kirk 0-0: DOUBLE (Line Drive, 9LS)
Stephen Baird scores
Batting: RHB Pablo León 0-0: Called Strike
0-1: Ball
1-1: Called Strike
1-2: SINGLE (Groundball, 56D) (infield hit)
Walter Kirk to third
Batting: RHB Juan Torres 0-0: Ball
1-0: Ball
2-0: Ball
3-0: Base on Balls
Pablo León to second
Batting: RHB Pete Davidson 0-0: Fly out, F9 (Flyball, 89M)
Top of the 3rd over - 2 run(s), 4 hit(s), 0 error(s), 3 left on base; Wizarding AC 3 - Northern Virginia 1
BOTTOM OF THE 3RD
Northern Virginia Retrievers batting - Pitching for Wizarding AC Ravenclaws : LHP Joseph Hamilton
Batting: RHB Carlos Vázquez 0-0: Ball
1-0: Swinging Strike
1-1: Foul Ball, location: 2F
1-2: Fly out, F8 (Flyball, 8RM)
Batting: RHB Henry Hall 0-0: Ball
1-0: Foul Ball, location: 2F
1-1: Called Strike
1-2: Foul Ball, location: 2F
1-2: Foul Ball, location: 2F
1-2: Ground out 4-3 (Groundball, 4M)
Batting: RHB Shi-young Chang 0-0: Called Strike
0-1: Ball
1-1: Fly out, F7 (Flyball, 78D)
Bottom of the 3rd over - 0 run(s), 0 hit(s), 0 error(s), 0 left on base; Wizarding AC 3 - Northern Virginia 1
TOP OF THE 4TH
Wizarding AC Ravenclaws batting - Pitching for Northern Virginia Retrievers : RHP Henry Hall
Batting: LHB Joseph Hamilton 0-0: Ball
1-0: Ball
2-0: Called Strike
2-1: Called Strike
2-2: Strikes out looking
Batting: RHB Cole Shaffer 0-0: Ball
1-0: SINGLE (Groundball, 34D)
Batting: LHB Stephen Baird 0-0: Called Strike
0-1: Ball
1-1: Foul Ball, location: 2F
1-2: Strikes out swinging
Batting: LHB William Wise 0-0: Ball
1-0: DOUBLE (Flyball, 9LM)
Cole Shaffer to third
Runner from 3rd tries for Home, SAFE, no throw or cutoff
Batting: LHB Jerry Harris 0-0: Foul Ball, location: 2F
0-1: Ball
1-1: Ball
2-1: Foul Ball, location: 2F
2-2: Ground out U3 (Groundball, 3)
Top of the 4th over - 1 run(s), 2 hit(s), 0 error(s), 1 left on base; Wizarding AC 4 - Northern Virginia 1
BOTTOM OF THE 4TH
Northern Virginia Retrievers batting - Pitching for Wizarding AC Ravenclaws : LHP Joseph Hamilton
Batting: RHB Enrique Echevarría 0-0: Fly out, F9 (Flyball, 9M)
Batting: RHB Ben Ross 0-0: Ball
1-0: Ball
2-0: Ball
3-0: Base on Balls
Batting: RHB Manuel Romo 0-0: Ball
1-0: Swinging Strike
1-1: Fly out, F5 (Line Drive, 5S)
Batting: RHB Christian O'Dell 0-0: Ball
1-0: Foul Ball, location: 2F
1-1: SINGLE (Groundball, 56D)
Ben Ross to second
Batting: LHB Ye Der 0-0: Called Strike
0-1: Ball
1-1: 3-RUN HOME RUN (Flyball, 9LD), Distance : 342 ft
Batting: RHB Donald Stanley 0-0: Ball
1-0: Ground out 5-3 (Groundball, 56)
Bottom of the 4th over - 3 run(s), 2 hit(s), 0 error(s), 0 left on base; Wizarding AC 4 - Northern Virginia 4
TOP OF THE 5TH
Wizarding AC Ravenclaws batting - Pitching for Northern Virginia Retrievers : RHP Henry Hall
Batting: LHB Walter Kirk 0-0: Ball
1-0: Fly out, F9 (Flyball, 9LM)
Batting: RHB Pablo León 0-0: Ball
1-0: Ball
2-0: Swinging Strike
2-1: Foul Ball, location: 2F
2-2: SINGLE (Groundball, 4M)
Batting: RHB Juan Torres 0-0: Ball
1-0: Foul Ball, location: 2F
1-1: Ball
2-1: Fly out, F9 (Flyball, 89M)
Batting: RHB Pete Davidson 0-0: Ball
1-0: Called Strike
1-1: Ball
2-1: Called Strike
2-2: Strikes out swinging
Top of the 5th over - 0 run(s), 1 hit(s), 0 error(s), 1 left on base; Wizarding AC 4 - Northern Virginia 4
BOTTOM OF THE 5TH
Northern Virginia Retrievers batting - Pitching for Wizarding AC Ravenclaws : LHP Joseph Hamilton
Batting: RHB Carlos Vázquez 0-0: Ball
1-0: Ball
2-0: Foul Ball, location: 2F
2-1: Fly out, F8 (Flyball, 8RM)
Pinch Hitting: LHB Harlan Price 0-0: Swinging Strike
0-1: Swinging Strike
0-2: Ball
1-2: Strikes out swinging
Batting: RHB Shi-young Chang 0-0: Ball
1-0: Ground out 5-3 (Groundball, 5)
Bottom of the 5th over - 0 run(s), 0 hit(s), 0 error(s), 0 left on base; Wizarding AC 4 - Northern Virginia 4
TOP OF THE 6TH
Wizarding AC Ravenclaws batting - Pitching for Northern Virginia Retrievers : RHP Henry Hall
Pitching: LHP Anthony Correa
Pinch Hitting: RHB Matt Terry 0-0: Ball
1-0: Foul Ball, location: 2F
1-1: Ball
2-1: Foul Ball, location: 2F
2-2: Strikes out looking
Batting: RHB Cole Shaffer 0-0: Foul Ball, location: 2F
0-1: Ball
1-1: Fly out, F4 (Line Drive, 4)
Batting: LHB Stephen Baird 0-0: Called Strike
0-1: Foul Ball, location: 2F
0-2: Ball
1-2: Strikes out swinging
Top of the 6th over - 0 run(s), 0 hit(s), 0 error(s), 0 left on base; Wizarding AC 4 - Northern Virginia 4
BOTTOM OF THE 6TH
Northern Virginia Retrievers batting - Pitching for Wizarding AC Ravenclaws : LHP Joseph Hamilton
Pitching: RHP Victor Burgess
Batting: RHB Enrique Echevarría 0-0: Swinging Strike
0-1: Swinging Strike
0-2: Strikes out swinging
Batting: RHB Ben Ross 0-0: DOUBLE (Groundball, 5L)
Batting: RHB Manuel Romo 0-0: Intentional Walk
Batting: RHB Christian O'Dell 0-0: Called Strike
0-1: Ball
1-1: SINGLE (Groundball, 6)
Ben Ross to third
Manuel Romo to second
Batting: LHB Ye Der 0-0: Fielders Choice at 2nd, 3-6 (Groundball, 3)
Ben Ross scores
Manuel Romo to third
Batting: RHB Donald Stanley 0-0: Ball
Pickoff Throw to First - Error! E1
Manuel Romo scores
Ye Der to second
1-0: Swinging Strike
1-1: Swinging Strike
1-2: Strikes out swinging
Bottom of the 6th over - 2 run(s), 2 hit(s), 1 error(s), 1 left on base; Wizarding AC 4 - Northern Virginia 6
TOP OF THE 7TH
Wizarding AC Ravenclaws batting - Pitching for Northern Virginia Retrievers : LHP Anthony Correa
Batting: LHB William Wise 0-0: Called Strike
0-1: Ball
1-1: Ball
2-1: Ball
3-1: Called Strike
3-2: Base on Balls
Batting: LHB Jerry Harris 0-0: Ball
1-0: Ball
2-0: Called Strike
2-1: Ball
3-1: Swinging Strike
3-2: 2-RUN HOME RUN (Flyball, 89XD), Distance : 432 ft
Pitching: RHP Tom Sosa
Now in RF: Anrrique Bolo
Batting: LHB Walter Kirk 0-0: Swinging Strike
0-1: Ball
1-1: Ball
2-1: Fly out, F9 (Flyball, 89S)
Batting: RHB Pablo León 0-0: Called Strike
0-1: Foul Ball, location: 2F
0-2: Foul Ball, location: 2F
0-2: Ball
1-2: Fly out, F4 (Popup, 4MS)
Batting: RHB Juan Torres 0-0: Called Strike
0-1: Ball
1-1: Ball
2-1: SINGLE (Line Drive, 34)
Batting: RHB Pete Davidson 0-0: Called Strike
0-1: Ball
1-1: Fielders Choice at 2nd, U4 (Groundball, 4M)
Top of the 7th over - 2 run(s), 2 hit(s), 0 error(s), 1 left on base; Wizarding AC 6 - Northern Virginia 6
BOTTOM OF THE 7TH
Northern Virginia Retrievers batting - Pitching for Wizarding AC Ravenclaws : RHP Victor Burgess
Pitching: RHP Curt Pennington
Now at C: Dan Finch
Batting: RHB Carlos Vázquez 0-0: Called Strike
0-1: Ball
1-1: Ground out 6-3 (Groundball, 6)
Pinch Hitting: RHB Micheal Murdoch 0-0: Ball
1-0: Ball
2-0: Ball
3-0: Base on Balls
Batting: RHB Shi-young Chang 0-0: Ball
1-0: Swinging Strike
1-1: Swinging Strike
1-2: Ball
2-2: Ball
3-2: Foul Ball, location: 2F
3-2: Foul Ball, location: 2F
3-2: Foul Ball, location: 2F
3-2: Strikes out swinging
Pinch Hitting: LHB Roberto Salazar 0-0: Ball
1-0: Foul Ball, location: 2F
1-1: Ball
2-1: Ball
3-1: Called Strike
3-2: Ground out 6-3 (Groundball, 6)
Bottom of the 7th over - 0 run(s), 0 hit(s), 0 error(s), 1 left on base; Wizarding AC 6 - Northern Virginia 6
TOP OF THE 8TH
Wizarding AC Ravenclaws batting - Pitching for Northern Virginia Retrievers : RHP Tom Sosa
Now in LF: Micheal Murdoch
Now in CF: Roberto Salazar
Batting: RHB Dan Finch 0-0: Foul Ball, location: 2F
0-1: Ball
1-1: Foul Ball, location: 2F
1-2: Strikes out swinging
Batting: RHB Cole Shaffer 0-0: Ball
1-0: Ball
2-0: Ground out 6-3 (Groundball, 6)
Batting: LHB Stephen Baird 0-0: Called Strike
0-1: Ball
1-1: Foul Ball, location: 2F
1-2: Foul Ball, location: 2F
1-2: Ball
2-2: Ground out 4-3 (Groundball, 4)
Top of the 8th over - 0 run(s), 0 hit(s), 0 error(s), 0 left on base; Wizarding AC 6 - Northern Virginia 6
BOTTOM OF THE 8TH
Northern Virginia Retrievers batting - Pitching for Wizarding AC Ravenclaws : RHP Curt Pennington
Batting: RHB Ben Ross 0-0: Ground out 6-3 (Groundball, 6)
Batting: RHB Manuel Romo 0-0: Called Strike
0-1: Foul Ball, location: 2F
0-2: Ball
1-2: Ball
2-2: Ball
3-2: Base on Balls
Batting: RHB Christian O'Dell 0-0: Called Strike
0-1: Foul Ball, location: 2F
0-2: Foul Ball, location: 2F
0-2: Strikes out swinging
Pinch Hitting: RHB Don Brown 0-0: Called Strike
0-1: Foul Ball, location: 2F
0-2: Ball
1-2: Fly out, F5 (Popup, 5DF)
Bottom of the 8th over - 0 run(s), 0 hit(s), 0 error(s), 1 left on base; Wizarding AC 6 - Northern Virginia 6
TOP OF THE 9TH
Wizarding AC Ravenclaws batting - Pitching for Northern Virginia Retrievers : RHP Tom Sosa
Pitching: RHP Elio Maini
Batting: LHB William Wise 0-0: Ball
1-0: Ball
2-0: Foul Ball, location: 2F
2-1: Ball
3-1: Foul Ball, location: 2F
3-2: Fly out, F8 (Flyball, 8LD)
Batting: LHB Jerry Harris 0-0: Ball
1-0: Swinging Strike
1-1: Ball
2-1: Swinging Strike
2-2: Foul Ball, location: 2F
2-2: Strikes out looking
Batting: LHB Walter Kirk 0-0: Swinging Strike
0-1: Ball
1-1: Ground out 1-3 (Groundball, 13S)
Top of the 9th over - 0 run(s), 0 hit(s), 0 error(s), 0 left on base; Wizarding AC 6 - Northern Virginia 6
BOTTOM OF THE 9TH
Northern Virginia Retrievers batting - Pitching for Wizarding AC Ravenclaws : RHP Curt Pennington
Pitching: RHP Jackson Haines
Batting: RHB Donald Stanley 0-0: Foul Ball, location: 2F
0-1: Ball
1-1: Foul Ball, location: 2F
1-2: Strikes out swinging
Batting: RHB Carlos Vázquez 0-0: Ball
1-0: Ball
2-0: Foul Ball, location: 2F
2-1: Ball
3-1: Swinging Strike
3-2: Foul Ball, location: 2F
3-2: Foul Ball, location: 2F
3-2: SINGLE (Line Drive, 4D)
Batting: RHB Micheal Murdoch 0-0: Ball
1-0: Ball
2-0: Fly out, F5 (Line Drive, 5)
Batting: RHB Shi-young Chang 0-0: Called Strike
0-1: Foul Ball, location: 2F
0-2: Ball
1-2: Strikes out swinging
Bottom of the 9th over - 0 run(s), 1 hit(s), 0 error(s), 1 left on base; Wizarding AC 6 - Northern Virginia 6
TOP OF THE 10TH
Wizarding AC Ravenclaws batting - Pitching for Northern Virginia Retrievers : RHP Elio Maini
Batting: RHB Pablo León 0-0: SINGLE (Flyball, 78S)
Pinch Hitting: LHB Jay Carlson 0-0: Reached on error, E3 (Groundball, 3)
Pablo León to second
Batting: RHB Pete Davidson 0-0: Ball
1-0: Ball
2-0: Ball
3-0: Base on Balls
Pablo León to third
Jay Carlson to second
Batting: RHB Dan Finch 0-0: Called Strike
0-1: SINGLE (Groundball, 56D)
Pablo León scores
Jay Carlson to third
Pete Davidson to second
Pitching: LHP Will Savage
Batting: RHB Cole Shaffer 0-0: Ball
1-0: Ball
2-0: DOUBLE (Line Drive, 9LD)
Jay Carlson scores
Pete Davidson scores
Dan Finch to third
Batting: LHB Stephen Baird 0-0: Ball
1-0: Foul Ball, location: 2F
1-1: SINGLE (Groundball, 4)
Dan Finch scores
Cole Shaffer to third
Runner from 3rd tries for Home, SAFE, no throw or cutoff
Batting: LHB William Wise 0-0: Fielders Choice at 2nd, U4 (Groundball, 4)
Batting: LHB Jerry Harris 0-0: Called Strike
0-1: Fielders Choice at 2nd, 5-4 (Groundball, 56)
Batting: LHB Walter Kirk 0-0: Ball
1-0: Called Strike
Jerry Harris steals 2nd base
1-1: Called Strike
1-2: Strikes out looking
Top of the 10th over - 5 run(s), 4 hit(s), 1 error(s), 1 left on base; Wizarding AC 11 - Northern Virginia 6
BOTTOM OF THE 10TH
Northern Virginia Retrievers batting - Pitching for Wizarding AC Ravenclaws : RHP Jackson Haines
Pitching: RHP Dave Strong
Now in LF: Manuel González
Batting: LHB Roberto Salazar 0-0: Called Strike
0-1: Foul Ball, location: 2F
0-2: Ball
1-2: Foul Ball, location: 2F
1-2: Ball
2-2: Ball
3-2: Foul Ball, location: 2F
3-2: Ground out 4-3 (Groundball, 34)
Batting: RHB Ben Ross 0-0: Called Strike
0-1: Ball
1-1: Ball
2-1: Ball
3-1: Base on Balls
Batting: RHB Manuel Romo 0-0: Ball
1-0: Swinging Strike
1-1: Ball
2-1: Called Strike
2-2: Ball
3-2: Base on Balls
Ben Ross to second
Batting: RHB Christian O'Dell 0-0: Foul Ball, location: 2F
0-1: Foul Ball, location: 2F
0-2: Ball
1-2: Strikes out swinging
Pinch Hitting: LHB Jesús Pérez 0-0: Ball
1-0: Hit by Pitch
Ben Ross to third
Manuel Romo to second
Batting: RHB Donald Stanley 0-0: Ground out 4-3 (Groundball, 4)
Bottom of the 10th over - 0 run(s), 0 hit(s), 0 error(s), 3 left on base; Wizarding AC 11 - Northern Virginia 6
This league is powered by Out of the Park Baseball, the baseball management simulation game for PC, Mac and Linux
Monday, May 4th, 2015 - OOTP Baseball 15.6 Build 34